% Time on Ice - WINNIPEG BEAVERS
Lines # - Real PCT - Wanted PCT - Time Play
Normal Forward
1 - 30% - 36% - 15:46
2 - 29% - 31% - 15:38
3 - 30% - 23% - 16:03
4 - 11% - 10% - 5:37
Normal Defense
1 - 33% - 36% - 17:45
2 - 32% - 31% - 16:49
3 - 30% - 23% - 15:48
4 - 5% - 10% - 2:42
PP Forward
1 - 49% - 52% - 0:58
2 - 51% - 48% - 1:01
PP Defense
1 - 51% - 52% - 1:01
2 - 49% - 48% - 0:58
PK Forward
1 - 60% - 55% - 2:22
2 - 40% - 45% - 1:36
PK Defense
1 - 53% - 55% - 2:06
2 - 47% - 45% - 1:52
PK3 Forward
1 - 0% - 55%
2 - 0% - 45%
PK3 Defense
1 - 0% - 55%
2 - 0% - 45%
44 Forward
1 - 0% - 55%
2 - 0% - 45%
44 Defense
1 - 0% - 55%
2 - 0% - 45%
Last Minute Offensive  - 0:00
Last Minute Defensive  - 0:59
Total
Forward - 60:00
Defense - 60:00
% Time on Ice - LAS VEGAS LIZARD KINGS
Lines # - Real PCT - Wanted PCT - Time Play
Normal Forward
1 - 31% - 36% - 17:00
2 - 27% - 31% - 14:35
3 - 26% - 23% - 13:51
4 - 16% - 10% - 8:37
Normal Defense
1 - 35% - 36% - 19:10
2 - 31% - 31% - 16:50
3 - 28% - 23% - 15:20
4 - 5% - 10% - 2:43
PP Forward
1 - 64% - 55% - 2:33
2 - 36% - 45% - 1:25
PP Defense
1 - 49% - 55% - 1:56
2 - 51% - 45% - 2:02
PK Forward
1 - 43% - 55% - 0:51
2 - 57% - 45% - 1:08
PK Defense
1 - 53% - 55% - 1:03
2 - 47% - 45% - 0:56
PK3 Forward
1 - 0% - 55%
2 - 0% - 45%
PK3 Defense
1 - 0% - 55%
2 - 0% - 45%
44 Forward
1 - 0% - 55%
2 - 0% - 45%
44 Defense
1 - 0% - 55%
2 - 0% - 45%
Last Minute Offensive  - 0:00
Last Minute Defensive  - 0:00
Total
Forward - 60:00
Defense - 60:00
Play-by-Play 1st period 0:01 of 1st period - Joe Pavelski wins face-off versus Ryan Nugent-Hopkins in neutral zone. 0:14 of 1st period - Shot by Ryan Nugent-Hopkins. 0:14 of 1st period - Shot Misses the Net. 0:16 of 1st period - Shot by Nino Niederreiter. 0:16 of 1st period - Shot Misses the Net. 0:18 of 1st period - Shot by Johnny Gaudreau. 0:18 of 1st period - Deflect By Ryan Nugent-Hopkins. 0:18 of 1st period - Shot Blocked by Joe Pavelski. 0:26 of 1st period - Shot by Nino Niederreiter. 0:26 of 1st period - Shot Blocked by Victor Hedman. 0:56 of 1st period - Icing by Victor Hedman. 0:57 of 1st period - Sean Monahan wins face-off versus Tom Wilson in WINNIPEG BEAVERS zone. 1:00 of 1st period - Shot by Brandon Hagel. 1:00 of 1st period - Shot Misses the Net. 1:16 of 1st period - Rasmus Ristolainen is hit by Brandon Hagel and loses puck. 1:27 of 1st period - Shot by Jordan Staal. 1:27 of 1st period - Shot Blocked by Sean Monahan. 1:53 of 1st period - Shot by Evan Rodrigues. 1:53 of 1st period - Stopped by Anton Forsberg without a rebound. 1:54 of 1st period - Joe Thornton wins face-off versus Evan Rodrigues in WINNIPEG BEAVERS zone. 2:01 of 1st period - Shot by Joe Thornton. 2:01 of 1st period - Stopped by Spencer Knight with a rebound. 2:20 of 1st period - Icing by Joe Thornton. 2:21 of 1st period - Joe Thornton wins face-off versus Dylan Gambrell in WINNIPEG BEAVERS zone. 2:21 of 1st period - Joe Thornton is hit by Matthew Nieto. 2:24 of 1st period - Icing by Tyler Ennis. 2:25 of 1st period - Joe Thornton wins face-off versus Dylan Gambrell in WINNIPEG BEAVERS zone. 2:27 of 1st period - Icing by Tyler Ennis. 2:28 of 1st period - Joe Thornton wins face-off versus Dylan Gambrell in WINNIPEG BEAVERS zone. 2:39 of 1st period - Shot by Joe Thornton. 2:39 of 1st period - Stopped by Spencer Knight without a rebound. 2:40 of 1st period - Seth Griffith wins face-off versus Ryan Nugent-Hopkins in LAS VEGAS LIZARD KINGS zone. 2:49 of 1st period - Shot by Joe Pavelski. 2:49 of 1st period - Stopped by Spencer Knight with a rebound. 3:29 of 1st period - Icing by Matt Roy. 3:30 of 1st period - Ryan Nugent-Hopkins wins face-off versus Jordan Staal in LAS VEGAS LIZARD KINGS zone. 3:45 of 1st period - Shot by Jordan Staal. 3:45 of 1st period - Stopped by Spencer Knight with a rebound. 3:47 of 1st period - Shot by Jordan Staal. 3:47 of 1st period - Stopped by Spencer Knight without a rebound. 3:48 of 1st period - Joe Thornton wins face-off versus Jeff Carter in LAS VEGAS LIZARD KINGS zone. 4:03 of 1st period - Shot by Evan Rodrigues. 4:03 of 1st period - Shot Misses the Net. 4:21 of 1st period - Shot by Victor Olofsson. 4:21 of 1st period - Stopped by Anton Forsberg without a rebound. 4:22 of 1st period - Joe Pavelski wins face-off versus Sean Monahan in WINNIPEG BEAVERS zone. 4:32 of 1st period - Shot by Sean Monahan. 4:32 of 1st period - Stopped by Anton Forsberg without a rebound. 4:33 of 1st period - Andrew Cogliano wins face-off versus Brad Marchand in WINNIPEG BEAVERS zone. 4:36 of 1st period - Shot by Matthew Nieto. 4:36 of 1st period - Stopped by Anton Forsberg without a rebound. 4:37 of 1st period - Dylan Gambrell wins face-off versus Jordan Staal in WINNIPEG BEAVERS zone. 4:37 of 1st period - Dylan Gambrell is hit by Rasmus Ristolainen. 5:01 of 1st period - Shot by Brad Marchand. 5:01 of 1st period - Stopped by Spencer Knight without a rebound. 5:02 of 1st period - Jeff Carter wins face-off versus Joe Pavelski in LAS VEGAS LIZARD KINGS zone. 5:11 of 1st period - Shot by Evan Rodrigues. 5:11 of 1st period - Deflect By Victor Olofsson. 5:11 of 1st period - Shot Blocked by Victor Hedman. 5:33 of 1st period - Shot by Tom Wilson. 5:33 of 1st period - Stopped by Spencer Knight without a rebound. 5:34 of 1st period - Sean Monahan wins face-off versus Alexander Radulov in LAS VEGAS LIZARD KINGS zone. 6:30 of 1st period - Jordan Staal is hit by Zemgus Girgensons and loses puck. 7:11 of 1st period - Shot by Ryan Nugent-Hopkins. 7:11 of 1st period - Shot Blocked by Brad Marchand. 7:13 of 1st period - Shot by Johnny Gaudreau. 7:13 of 1st period - Shot Misses the Net. 7:15 of 1st period - Shot by Johnny Gaudreau. 7:15 of 1st period - Shot Blocked by Rasmus Ristolainen. 7:17 of 1st period - Shot by Johnny Gaudreau. 7:17 of 1st period - Stopped by Anton Forsberg without a rebound. 7:18 of 1st period - Jeff Carter wins face-off versus Joe Pavelski in WINNIPEG BEAVERS zone. 7:20 of 1st period - Evan Rodrigues is hit by Victor Hedman and loses puck. 7:38 of 1st period - Icing by Jack Johnson. 7:39 of 1st period - Joe Thornton wins face-off versus Victor Olofsson in LAS VEGAS LIZARD